Match 40106407
Unlisted

Match 40106407
End
Construct Infanterie Kompanie
Grenadier Squad
Grenadier Squad
Grenadier Squad
Grenadier Squad
MG 42 Machine Gun Team
Grenadier Squad
Construct Luftwaffe Kompanie
Jäger Squad
Jäger Squad
Jäger Squad
Medical Station
Jäger Squad
KoM
XuZhongwei
0
0

Comments sign in to comment!

No comments posted yet!